 Dungeon Crawl Stone Soup version 0.29-a0-474-gdfe5cd140f (webtiles) character file.

Game seed: 10322120852229261057

49 FallenXxXSky the Cudgeller (level 3, -1/29 HPs)
             Began as a Demonspawn Chaos Knight on May 24, 2022.
             Was a Plaything of Xom.
             Slain by an adder (4 damage)
             ... on level 2 of the Dungeon.
             The game lasted 00:03:14 (1656 turns).

FallenXxXSky the Cudgeller (DsCK)                   Turns: 1656, Time: 00:03:15

Health: -1/29      AC:  5    Str: 14    XL:     3   Next: 53%
Magic:  3/3        EV: 11    Int: 13    God:    Xom [*.....]
Gold:   63         SH:  4    Dex: 12    Spells: 1/2 levels left

rFire   . . .      SeeInvis .   a - +0 mace (chaos)
rCold   . . .      Faith    .   (no shield)
rNeg    . . .      Spirit   .   b - +2 leather armour
rPois   .          Reflect  .   (no helmet)
rElec   .          Harm     .   (no cloak)
rCorr   .          Rampage  .   (no gloves)
Will    .....      Clarity  +   (no boots)
Stlth   +.........              (no amulet)
HPRegen 0.09/turn               (no ring)
MPRegen 0.08/turn               (no ring)

@: flying
A: large bone plates 1, demonic magic 1, clarity
a: Renounce Religion


You were on level 2 of the Dungeon.
You worshipped Xom.
You were a special plaything of Xom.
You visited 1 branch of the dungeon, and saw 3 of its levels.

You collected 63 gold pieces.

Inventory:

Hand Weapons
 a - a +0 mace of chaos (weapon)
Armour
 b - a +2 leather armour (worn)
Scrolls
 d - a scroll of immolation {unknown}
 g - 2 scrolls of identify {unknown}
 h - a scroll of noise {unknown}
 k - a scroll of fear
Potions
 e - a potion of berserk rage {unknown}
 i - a potion of curing
 j - a potion of degeneration {unknown}
Miscellaneous
 c - a piece from Xom's chessboard (14/15) (quivered)


   Skills:
 - Level 3.0 Fighting
 * Level 3.7 Maces & Flails
 + Level 2.5 Armour
 - Level 0.8 Dodging


You had one spell level left.
You knew the following spells:

 Your Spells              Type           Power      Damage    Failure   Level
a - Summon Small Mammal   Summ           0%         N/A       36%         1

Your spell library contained the following spells:

 Spells                   Type           Power      Damage    Failure   Level
 Apportation              Tloc           0%         N/A       36%         1
 Necrotize                Necr           0%         1d4       36%         1
 Inner Flame              Hex/Fire       0%         N/A       75%         3
 Cause Fear               Hex            0%         N/A       98%         4
 Discord                  Hex            0%         N/A       100%        8


Dungeon Overview and Level Annotations

Branches:
Dungeon (3/15)

Altars:


Innate Abilities, Weirdness & Mutations

You are partially covered in large bone plates. (SH +4)
Spells you cast may paralyse adjacent enemies.
You possess an exceptional clarity of mind.


Message History

There is a stone staircase leading down here.
An adder is nearby!
An adder is nearby!
An adder is nearby!
Found a mace.
You closely miss the adder. The adder bites you but does no damage.
You hit the adder.
The adder goes berserk!
Xom thinks this is hilarious!
The adder is moderately wounded.
The adder bites you. x2
You are poisoned.
The adder poisons you!
You hit the adder. You burn the adder.
The adder is heavily wounded.
You feel sick. The adder barely misses you. The adder bites you. x2
You closely miss the adder.
The adder is heavily wounded.
You feel sick. The adder bites you.
You are more poisoned.
The adder poisons you! The adder barely misses you.
You completely miss the adder.
The adder is heavily wounded.
You feel very sick. The adder bites you but does no damage.
The adder bites you.
* * * LOW HITPOINT WARNING * * *
Okay, then.
You make a move on Xom's chessboard...
The adder is unaffected.
* * * LOW HITPOINT WARNING * * *
You feel sick. The adder bites you.
* * * LOW HITPOINT WARNING * * *
You are more poisoned.
The adder poisons you! The adder bites you but does no damage.
It was a potion of curing.
You feel better.
Xom thinks this is hilarious!
The adder bites you but does no damage. The adder bites you.
* * * LOW HITPOINT WARNING * * *
It was a potion of flight.
You feel very buoyant.
You fly up into the air.
The adder bites you.
You die...

#.##.###.########.#
#.#.## ##.# #.#
#.#.# #.# ...
#<#.## ##.# ##.#
#.##.###.## #.#
#..#....## #.#
#....##.# #..
#.>####.# # #.@#
#.# # #.S# #.# #
#..# #.# # #..# #.#
# .... #.# ## .....
#.# . ..... #
.)..... ######
......


You could see an adder (berserk).

Vanquished Creatures
  An adder (D:2)
  4 endoplasms
  6 giant cockroaches
  A goblin (D:2)
  3 hobgoblins
  3 quokkas
  7 ball pythons (D:1)
  4 bats (D:1)
  3 frilled lizards (D:1)
  4 kobolds
  A rat (D:2)
37 creatures vanquished.

Vanquished Creatures (others)
  11 plants (D:1)
11 creatures vanquished.

Grand Total: 48 creatures vanquished

Notes
Turn   | Place    | Note
-------+----------+-------------------------------------------
     0 | D:1      | FallenXxXSky the Demonspawn Chaos Knight began the quest
                  | for the Orb.
     0 | D:1      | Reached XP level 1. HP: 18/18 MP: 1/1
     3 | D:1      | XOM: divination: detect items
    37 | D:1      | You fall into a shaft and drop 1 floor!
   189 | D:2      | Gained mutation: You are partially covered in large bone
                  | plates. (SH +4) [demonic ancestry]
   189 | D:2      | Reached XP level 2. HP: 24/24 MP: 2/2
   419 | D:1      | Learned a level 1 spell: Summon Small Mammal
   566 | D:2      | Gained mutation: Spells you cast may paralyse adjacent
                  | enemies. [demonic ancestry]
   566 | D:2      | Reached XP level 3. HP: 28/29 MP: 3/3
   624 | D:2      | XOM: silly message
   795 | D:3      | XOM: noise
  1230 | D:1      | XOM: noise
  1430 | D:1      | XOM: give mutation
  1430 | D:1      | Gained mutation: You possess an exceptional clarity of
                  | mind. [Xom's grace]
  1656 | D:2      | Slain by an adder

Illustrated notes

Levels and vault maps discovered:
D:1:      wander_arrival_lonely_grave, layout_basic, serial_bayou_lake_a
D:2:      layout_loops_ring, basic_altar, amcnicky_mini_rare_corridor_liquid,
          minmay_lizard_king
D:3:      minmay_razor_zed, layout_basic, nemelex_xobeh_ov_fountains_minmay,
          mainiacjoe_overflow_catch_the_wave

Skill      XL: |  1 |
---------------+----+-----
Maces & Flails | 3 |  3.7
Armour         | 2 |  2.5
Fighting       | |  3.0
Dodging        | |  0.8

Action                   || total
-------------------------++-------
Melee: Mace              ||   123
       Punch             ||     1
Evoke: Piece from Xom's  ||     1
  Use: Potion            ||     2
       Scroll            ||     1
 Stab: Paralysed         ||     1
       Petrifying        ||     1
Armor: Leather armour    ||    55
Dodge: Dodged            ||    68
Block: Other             ||    19

Table legend: (Time is in decaauts)
 A = Elapsed time spent in this place.
 B = Non-inter-level travel time spent in this place.
 C = Inter-level travel time spent in this place.
 D = Time resting spent in this place.
 E = Time spent auto-exploring this place.
 F = Levels seen in this place.
 G = Mean time per level.
                   A        B        C        D        E       F      G
               +--------+--------+--------+--------+--------+-----+--------+
         Total |   1712 |   1631 |     81 |    485 |    800 |   3 |  570.7 |
       Dungeon |   1712 |   1631 |     81 |    485 |    800 |   3 |  570.7 |
               +--------+--------+--------+--------+--------+-----+--------+

Top non-repeatable levels by time:
     D:1: 1193 daAuts
     D:2: 516 daAuts
     D:3: 1 daAuts
